 Dungeon Crawl Stone Soup version 0.28.0-62-gf88900778d (webtiles) character file.

Game seed: 2046878530849271821

1348 Ironcache the Ducker (level 8, 61/61 HPs)
             Began as a Demigod Conjurer on Feb 7, 2022.
             Quit the game on level 6 of the Dungeon on Oct 4, 2023.
             The game lasted 00:23:18 (6091 turns).

Ironcache the Ducker (Demigod Conjurer)             Turns: 6091, Time: 00:23:19

Health: 61/61      AC:  3    Str:  8    XL:     8   Next: 14%
Magic:  19/19      EV: 14    Int: 28    God:
Gold:   158        SH:  0    Dex: 12    Spells: 14/17 levels left

rFire   . . .      SeeInvis .   v - staff of conjuration
rCold   . . .      Faith    .   (no shield)
rNeg    . . .      Spirit   .   e - +0 robe
rPois   .          Reflect  .   q - +0 helmet
rElec   .          Harm     .   (no cloak)
rCorr   .          Rampage  .   (no gloves)
Will    .....                   (no boots)
Stlth   ++........              (no amulet)
HPRegen 0.20/turn               (no ring)
MPRegen 0.16/turn               (no ring)

@: no status effects
A: high MP 1, forlorn, divine attributes
a: no special abilities


You were on level 6 of the Dungeon.
You visited 2 branches of the dungeon, and saw 7 of its levels.

You collected 158 gold pieces.

Inventory:

Hand Weapons
 a - a +0 scythe
 i - a +0 spear
 j - a +1 whip of electrocution
 k - a +0 great sword
Armour
 e - a +0 robe (worn)
 q - a +0 helmet (worn)
Magical Staves
 v - a staff of conjuration (weapon)
Scrolls
 c - 2 scrolls of teleportation
 f - a scroll of summoning {unknown}
 h - 3 scrolls of immolation
 l - a scroll of enchant armour
 m - a scroll of fog {unknown}
 r - 2 scrolls of fear
 s - a scroll of silence {unknown}
 t - a scroll of magic mapping {unknown}
Potions
 d - a potion of curing {unknown}
 g - a potion of heal wounds {unknown}
 n - 2 potions of haste
 o - 2 potions of flight
 p - a potion of lignification {unknown}
 u - 2 potions of attraction {unknown}


   Skills:
 + Level 2.0 Fighting
 - Level 2.0 Armour
 + Level 6.3 Dodging
 - Level 2.0 Stealth
 - Level 5.0 Spellcasting
 - Level 5.0 Conjurations
 + Level 0.1 Evocations


You had 14 spell levels left.
You knew the following spells:

 Your Spells              Type           Power      Damage    Failure   Level
a - Magic Dart            Conj           100%       1d8       1%          1
b - Searing Ray           Conj           100%       2d8       1%          2

Your spell library contained the following spells:

 Spells                   Type           Power      Damage    Failure   Level
 Dazzling Flash           Conj/Hex       62%        N/A       7%          3
 Fulminant Prism          Conj/Hex       15%        3d11      24%         4
 Iskenderun's Mystic Bla  Conj/Tloc      31%        2d8       24%         4


Dungeon Overview and Level Annotations

Branches:
Dungeon (6/15)             Temple (1/1) D:4

Shops:
D:6 [


Innate Abilities, Weirdness & Mutations

You have an increased reservoir of magic. (+10% MP)
You shall have no god before yourself.
Your divine heritage dramatically boosts your attributes as you level up.


Message History

h - 3 scrolls of immolation
As you read the scroll of identify, it crumbles to dust.
l - a scroll of enchant armour
As you read the scroll of identify, it crumbles to dust.
n - 2 potions of haste
As you read the scroll of identify, it crumbles to dust.
o - 2 potions of flight
(D) Dungeon (T) Temple
Where to? (Enter - D:6, ? - help)
There is a stone staircase leading down here.
You climb downwards.
There is a stone staircase leading up here.
Found Bibrutt's Antique Armour Boutique.
A killer bee zombie comes into view.
Found a robe.
Casting: Searing Ray (safe; 1% risk of failure)
Confirm with . or Enter, or press ? or * to list all spells.
Aiming: Magic Dart (safe; 1% risk of failure)
Press: ? - help, Shift-Dir - straight line, f - killer bee zombie
Aim: a killer bee zombie (100% to hit)
You feel a surge of power!
The magic dart hits the killer bee zombie.
The killer bee zombie is lightly damaged.
Casting: Magic Dart (safe; 1% risk of failure)
Confirm with . or Enter, or press ? or * to list all spells.
Aiming: Searing Ray (safe; 1% risk of failure)
Press: ? - help, Shift-Dir - straight line, f/p - killer bee zombie
Aim: a killer bee zombie (lightly damaged, 76% to hit)
You feel a surge of power!
The searing ray hits the killer bee zombie!
The killer bee zombie is severely damaged. (Press . to maintain the ray.)
The searing ray hits the killer bee zombie!
You destroy the killer bee zombie!
Magic restored.
There is an entrance to Bibrutt's Antique Armour Boutique here.
Unknown command.
Welcome back, Ironcache the Demigod Conjurer.
Press ? for a list of commands and other information.
Are you sure you want to abandon this character and quit the game? (Confirm with "yes".)

#..........#
#.#####..#.#
#..#.# #..#.#
##..#.#####
###.........#
##.......###.#
........∩.∩##.##
.##.#..#@.......
.......∩.∩##.##
###.#.....## #
#.#.[#### # #..
#.. .. ##.


There were no monsters in sight!

Vanquished Creatures
  A two-headed ogre (D:5)
  Sigmund (D:2)
  A necrophage (D:4)
  A centaur (D:5)
  2 scorpions
  A centaur zombie (D:5)
  A jelly (D:5)
  2 scorpion zombies (D:5)
  An iguana (D:4)
  An orc wizard (D:5)
  A killer bee zombie (D:6)
  2 hound skeletons
  A howler monkey skeleton (D:5)
  5 adders
  2 worms (D:2)
  2 dart slugs
  3 orcs (D:5)
  2 bats
  5 endoplasms
  2 giant cockroaches (D:1)
  7 goblins
  8 hobgoblins
  2 jackals (D:2)
  4 kobolds
  4 quokkas
  7 ball pythons
  4 frilled lizards
  A quokka skeleton (D:4)
  5 rats
79 creatures vanquished.

Notes
Turn   | Place    | Note
-------+----------+-------------------------------------------
     0 | D:1      | Ironcache the Demigod Conjurer began the quest for the Orb.
     0 | D:1      | Reached XP level 1. HP: 14/14 MP: 5/5
   357 | D:1      | Reached XP level 2. HP: 5/22 MP: 0/7
   686 | D:1      | Reached skill level 2 in Dodging
   697 | D:1      | Learned a level 2 spell: Searing Ray
  1181 | D:2      | Reached XP level 3. HP: 27/27 MP: 3/8
  1258 | D:2      | Reached skill level 1 in Fighting
  1258 | D:2      | Reached skill level 1 in Armour
  1753 | D:2      | Noticed a scorpion
  1768 | D:2      | Killed a scorpion
  1769 | D:2      | Reached XP level 4. HP: 35/35 MP: 0/10
  1918 | D:2      | Noticed Sigmund
  1945 | D:2      | Killed Sigmund
  1946 | D:2      | Reached skill level 3 in Dodging
  1946 | D:2      | Reached XP level 5. HP: 13/41 MP: 4/12
  3433 | D:4      | Found a staircase to the Ecumenical Temple.
  3476 | Temple   | Entered the Ecumenical Temple
  3695 | D:4      | Reached XP level 6. HP: 48/48 MP: 9/13
  4522 | D:5      | Entered Level 5 of the Dungeon
  4664 | D:5      | Reached skill level 5 in Conjurations
  4893 | D:5      | Reached skill level 4 in Dodging
  4976 | D:5      | Noticed a two-headed ogre
  5331 | D:5      | Reached XP level 7. HP: 55/55 MP: 11/16
  5844 | D:5      | Killed a two-headed ogre
  5845 | D:5      | Reached skill level 6 in Dodging
  5845 | D:5      | Reached skill level 5 in Spellcasting
  5845 | D:5      | Reached XP level 8. HP: 23/61 MP: 5/19
  6055 | D:6      | Found Bibrutt's Antique Armour Boutique.
  6091 | D:6      | Upgraded the game from 0.28.0 to 0.28.0-62-gf88900778d
  6091 | D:6      | Quit the game

Illustrated notes

Levels and vault maps discovered:
D:1:      minmay_arrival_open_corners, layout_loops_ring,
          shapermc_ecumenical_altar_pompeii
D:2:      layout_basic, corexii_corridor_pit, grunt_ministairs_6, uniq_sigmund
D:3:      layout_basic, lemuel_tele_altar, ashenzari_conservatory_becter
D:4:      layout_cave_pods, mainiacjoe_overflow_tiny_flanked, temple_green
D:5:      layout_rooms, gammafunk_temple_overflow_claw, minivault_24
D:6:      layout_loops_ring, serial_shops, kennysheep_mini, shop, shop,
          nicolae_shop_competitors_out_of_business, ebering_ghost_inner_flame,
          uniq_crazy_yiuf_cottage, uniq_duvessa
Temple:   jpeg_temple_clearing

Skill      XL: |  1  2  3  4  5  6  7 |
---------------+----------------------+-----
Stealth        | 2 |  2.0
Spellcasting   | 2 3 5 |  5.0
Dodging        | 2 3 4 6 |  6.3
Fighting       | 1 2 |  2.0
Armour         | 1 2 |  2.0
Conjurations   | 4 5 |  5.0
Evocations     | |  0.1

Action                   |  1- 3 |  4- 6 |  7- 9 || total
-------------------------+-------+-------+-------++-------
Melee: Spear             |    14 |     3 |       ||    17
       Whip              |       |     4 |       ||     4
 Cast: Magic Dart        |    46 |    48 |     2 ||    96
       Searing Ray       |     9 |    25 |    10 ||    44
  Use: Scroll            |       |     3 |     4 ||     7
Armor: Robe              |     2 |     4 |     2 ||     8
Dodge: Dodged            |    14 |    13 |    12 ||    39
